[Event "37th Belgrade Trophy 2024"]
[Site "Belgrade"]
[Date "2024.11.23"]
[Round "6"]
[White "Sperat Czar, Nicolas"]
[Black "Nastic, Veselin"]
[Result "0-1"]
[ECO "B07"]
[WhiteElo "2098"]
[BlackElo "1911"]
[Annotator "NA RC"]
[PlyCount "116"]
[EventDate "2024.11.23"]
[EventCountry "SRB"]
[SourceTitle "playchess.com"]
[Source "ChessBase"]
[SourceQuality "1"]
[TimeControl "40/5400+30:900+30"]

1. e4 d6 2. d4 Nf6 3. Nc3 e5 4. dxe5 dxe5 5. Qxd8+ Kxd8 6. Bc4 Be6 7. Bxe6 fxe6 8. f3 c6 9. Nh3 Bc5 10. Nf2 Ke7 11. Nd3 Bd6 12. Nb1 Nbd7 13. Be3 Bc7 14. Nd2 Bb6 15. Bxb6 axb6 16. Nc4 Ra4 17. b3 Ra7 18. Ke2 Rha8 19. a4 b5 20. Ncxe5 bxa4 21. bxa4 Rxa4 22. Rxa4 Rxa4 23. Rb1 Ra7 24. g4 Nxe5 25. Nxe5 Nd7 26. Nd3 b5 27. g5 e5 28. Nb4 Kd6 29. Nd3 Ra2 30. Nb4 Ra4 31. Rd1+ Kc7 32. c3 Nc5 33. Kd2 Ne6 34. h4 Nf4 35. Kc2 g6 36. Kb3 Ra8 37. Rd2 Ra1 38. Rh2 Rb1+ 39. Kc2 Rf1 40. Kb3 Rxf3 41. Ra2 c5 42. Ra7+ Kb6 43. Ra6+ Kb7 44. Ra5 cxb4 45. Kxb4 Nd3+ 46. Kxb5 Rf7 47. Kc4 Rd7 48. Rd5 Nb2+ 49. Kc5 Na4+ 50. Kb4 Rxd5 51. exd5 e4 52. Kc4 Kc7 53. Kd4 Kd6 54. c4 Nc5 55. Kc3 e3 56. Kc2 Ke5 57. Kc3 Ke4 58. Kb4 Kd4 0-1

[Event "37th Belgrade Trophy 2024"]
[Site "Belgrade"]
[Date "2024.11.28"]
[Round "6.4"]
[White "Sutormin, Danila"]
[Black "Popovic, Dragan B"]
[Result "0-1"]
[ECO "B30"]
[WhiteElo "2394"]
[BlackElo "2185"]
[Annotator "TA"]
[PlyCount "68"]
[EventDate "2024.11.23"]
[EventCountry "SRB"]
[SourceTitle "playchess.com"]
[Source "ChessBase"]
[SourceQuality "1"]
[TimeControl "40/5400+30:900+30"]

1. e4 c5 2. Nf3 Nc6 3. Nc3 e5 4. Bc4 Be7 5. d3 d6 6. h3 Nf6 7. Nh2 Be6 8. Ng4 Nd7 9. Ne3 {[%emt 0:04:18] The position is equal.} Nb6 10. Ncd5 O-O 11. a4 Bg5 12. O-O Kh8 13. c3 (13. Nxb6 {feels hotter.} Qxb6 14. Bxe6 Bxe3 15. a5) 13... Bh6 14. Nxb6 axb6 15. Bxe6 fxe6 16. Qb3 Bxe3 17. Bxe3 d5 18. f4 (18. f3 $14) 18... d4 $11 19. cxd4 Nxd4 20. Qd1 Qd6 21. fxe5 Qxe5 {[%emt 0:02:42] [#] ...Rxf1+ would now be deadly.} 22. Bxd4 Rxf1+ (22... cxd4 23. Qb3 $14) 23. Qxf1 Qxd4+ $15 {[%emt 0:00:10][%mdl 4096] Endgame. KQR-KQR} (23... cxd4 $6 24. Qf7 $16) 24. Kh1 $1 Kg8 (24... Rxa4 25. Qf8#) 25. Qd1 Qxb2 26. Rb1 Qa2 (26... Qd4 {simplifies} 27. Qb3 Qd6 28. Qxb6 Qxb6 29. Rxb6 Rxa4 30. Rxb7 c4) 27. Rxb6 Rxa4 28. Qh5 Ra8 {[%emt 0:09:26] Repels Qe8+} 29. Rxb7 {[%emt 0:00:17] White wants to mate with Qf7+.} (29. Qxc5 {simplifies} Qa3 30. Qe5 Qa1+ 31. Qxa1 Rxa1+ 32. Kh2) 29... Qa1+ 30. Kh2 Qf6 {[%emt 0:00:10] Prevents Qf7+. ( -> ...Qf4+)} 31. h4 c4 32. d4 {[%emt 0:02:01][%mdl 8192] [#]} (32. dxc4 $2 Qf4+ 33. Kh3 Ra3+ $19 (33... Qxe4 34. Qf7+ Kh8 35. Qxg7#) (33... Qxe4 34. Qf7+ Kh8 35. Qxg7#)) (32. Kg3 $11) 32... Qf4+ {[%emt 0:02:35] Black mates.} (32... Qxd4 33. Qf7+ Kh8 34. Qxe6 $11) 33. g3 Qf2+ ({Inferior is} 33... Qxe4 34. Qf7+ Kh8 35. Qxg7#) 34. Kh3 Qf1+ {[%emt 0:00:15] Weighted Error Value: White=0.25 (precise) /Black=0.05 (flawless) .  Loses game:     	White=1     	---        Mistake:       	White=1     	---        Inaccurate:     	---       	Black=1      OK:         	White=10    	Black=12     Best:        	White=2     	Black=2      Strong:       	White=1     	---} (34... Qxd4 35. Qf7+ Kh8 36. Rc7 $16) 0-1

[Event "37th Belgrade Trophy 2024"]
[Site "Belgrade"]
[Date "2024.11.28"]
[Round "6.5"]
[White "Slobodiansky, Steven"]
[Black "Baghdasaryan, Davit"]
[Result "1/2-1/2"]
[ECO "B51"]
[WhiteElo "2273"]
[BlackElo "2121"]
[Annotator "RC"]
[PlyCount "96"]
[EventDate "2024.11.23"]
[EventCountry "SRB"]
[SourceTitle "playchess.com"]
[Source "ChessBase"]
[SourceQuality "1"]
[TimeControl "40/5400+30:900+30"]

1. e4 c5 2. Nf3 d6 3. Bb5+ Nd7 4. a4 Ngf6 5. Nc3 g6 6. a5 Bg7 7. O-O a6 8. Bc4 O-O 9. d3 b5 10. axb6 Nxb6 11. Bb3 Qc7 12. Qe2 Bb7 13. Bf4 Nh5 14. Be3 e6 15. Qd2 d5 16. exd5 exd5 17. d4 c4 18. Ba2 Rac8 19. Bb1 Nf6 20. Bf4 Qd8 21. Bg5 Qd6 22. Bf4 Qd8 23. Na4 Nxa4 24. Rxa4 c3 25. Qc1 Ne4 26. Ra3 Bc6 27. bxc3 Bb5 28. c4 Bxc4 29. Re1 Re8 30. Rae3 Qa5 31. c3 Bb5 32. Bxe4 dxe4 33. Rxe4 Rxe4 34. Rxe4 Qxc3 35. Qxc3 Rxc3 36. h4 Rd3 37. Re7 Bxd4 38. Nxd4 Rxd4 39. Be5 Re4 40. f4 Kf8 41. Ra7 Re2 42. Kh2 Bc4 43. Kg3 Bd5 44. Rxa6 Rxg2+ 45. Kh3 Rd2 46. Bf6 Be6+ 47. Kg3 Ra2 48. Rxa2 Bxa2 1/2-1/2

[Event "37th Belgrade Trophy 2024"]
[Site "Belgrade"]
[Date "2024.11.28"]
[Round "6.6"]
[White "Petrovic, Aleksa"]
[Black "Vasilyev, Bulat"]
[Result "1-0"]
[ECO "A07"]
[WhiteElo "2262"]
[BlackElo "1824"]
[Annotator "RC"]
[PlyCount "117"]
[EventDate "2024.11.23"]
[EventCountry "SRB"]
[SourceTitle "playchess.com"]
[Source "ChessBase"]
[SourceQuality "1"]
[TimeControl "40/5400+30:900+30"]

1. Nf3 d5 2. g3 Nd7 3. Bg2 e5 4. O-O Ngf6 5. d3 Bd6 6. Nc3 c6 7. e4 dxe4 8. Nxe4 Nxe4 9. dxe4 Be7 10. a4 a5 11. Nd2 O-O 12. Nc4 Qc7 13. Qf3 Rd8 14. Ne3 Nc5 15. Nf5 Bxf5 16. Qxf5 Ne6 17. c3 Bd6 18. h4 b5 19. h5 h6 20. Qg4 Kh8 21. Qe2 Rdb8 22. Be3 Nc5 23. axb5 cxb5 24. Rad1 a4 25. Rd5 Ra6 26. Rfd1 Kg8 27. Qf3 Nd7 28. Bf1 Nf6 29. Rxb5 Rxb5 30. Bxb5 Ra5 31. c4 a3 32. bxa3 Rxa3 33. Qf5 Rxe3 34. fxe3 Bc5 35. Kf2 Qb6 36. Rd3 Bd6 37. Kf3 Qc7 38. Rd2 Nh7 39. Kg2 Ng5 40. Qd7 Qxd7 41. Bxd7 Nxe4 42. Rd5 Bf8 43. Bf5 Nc5 44. Rxe5 g6 45. hxg6 fxg6 46. Bxg6 Kg7 47. Bc2 Bd6 48. Rd5 Be7 49. Kf3 Kf7 50. e4 Ke6 51. Ke3 Nd7 52. Bd1 Ne5 53. Be2 Bg5+ 54. Kd4 Bf6 55. Kc5 Be7+ 56. Kb5 Nf7 57. c5 Ng5 58. Bg4+ Kf7 59. c6 1-0

[Event "37th Belgrade Trophy 2024"]
[Site "Belgrade"]
[Date "2024.11.28"]
[Round "6.7"]
[White "Gevorgyan, David Sh."]
[Black "Ughuzov, Ravan"]
[Result "0-1"]
[ECO "E26"]
[WhiteElo "2247"]
[BlackElo "2047"]
[Annotator "RC"]
[PlyCount "76"]
[EventDate "2024.11.23"]
[EventCountry "SRB"]
[SourceTitle "playchess.com"]
[Source "ChessBase"]
[SourceQuality "1"]
[TimeControl "40/5400+30:900+30"]

1. d4 Nf6 2. c4 e6 3. Nc3 Bb4 4. a3 Bxc3+ 5. bxc3 c5 6. e3 Nc6 7. f3 d6 8. Bd3 b6 9. Ne2 Na5 10. e4 Ba6 11. Bg5 Qc7 12. Bxf6 gxf6 13. d5 O-O-O 14. Nf4 Qe7 15. Qe2 h5 16. dxe6 fxe6 17. Ng6 Qd7 18. Nxh8 Rxh8 19. a4 Qg7 20. O-O Rg8 21. Ra2 Qh6 22. Kh1 Kc7 23. f4 Bb7 24. Rd2 Rg4 25. Qe3 Nb3 26. Rb2 Na5 27. Rd2 Qg7 28. Rdf2 f5 29. Qe2 Qf6 30. exf5 exf5 31. Re1 Rg7 32. Qc2 Qh4 33. Rg1 Rg3 34. Bxf5 Nxc4 35. Be4 Ne3 36. Qd3 Ng4 37. Qxg3 Qxh2+ 38. Qxh2 Nxf2# 0-1

[Event "37th Belgrade Trophy 2024"]
[Site "Belgrade"]
[Date "2024.11.28"]
[Round "6.8"]
[White "Chelushkina, Irina"]
[Black "Divljan, Igor"]
[Result "0-1"]
[ECO "B22"]
[WhiteElo "2141"]
[BlackElo "2221"]
[Annotator "RC"]
[PlyCount "126"]
[EventDate "2024.11.23"]
[EventCountry "SRB"]
[SourceTitle "playchess.com"]
[Source "ChessBase"]
[SourceQuality "1"]
[TimeControl "40/5400+30:900+30"]

1. e4 c5 2. Nf3 e6 3. c3 Nf6 4. e5 Nd5 5. d4 cxd4 6. Bc4 Nb6 7. Bb3 d6 8. O-O Nc6 9. Bg5 Be7 10. Bxe7 Nxe7 11. Qxd4 Nf5 12. Qd3 dxe5 13. Qb5+ Bd7 14. Qxe5 Qf6 15. Nbd2 Bc6 16. Bc2 Qxe5 17. Nxe5 Ne7 18. Ne4 Bxe4 19. Bxe4 Rb8 20. a4 f6 21. a5 Nd7 22. Nc4 O-O 23. Rfe1 Rfd8 24. g3 Nc5 25. Bc2 e5 26. b4 Na6 27. f4 Nd5 28. fxe5 Nxc3 29. Bb3 Kf8 30. exf6 gxf6 31. Re6 Nxb4 32. Rxf6+ Kg7 33. Raf1 Rf8 34. Rxf8 Rxf8 35. Re1 Nc6 36. Nd6 Nd4 37. Re7+ Kf6 38. Rxb7 Ke5 39. Nf7+ Ke4 40. Bc4 Nd1 41. Re7+ Kf5 42. Kg2 Nc6 43. Re1 Nb2 44. Bd5 Nxa5 45. Nd6+ Kg6 46. Re6+ Kg7 47. Re7+ Kf6 48. Rxa7 Ke5 49. Rxa5 Kxd6 50. Be4 Rh8 51. Rd5+ Ke6 52. Rd2 Na4 53. g4 Ke5 54. Bc6 Nb6 55. Kg3 h6 56. Kh4 Nc4 57. Rd5+ Kf6 58. Rf5+ Kg6 59. Bd5 Nd6 60. Re5 Rf8 61. h3 Rf6 62. Re7 Rf4 63. Bb3 Nf5# 0-1

[Event "37th Belgrade Trophy 2024"]
[Site "Belgrade"]
[Date "2024.11.28"]
[Round "6.9"]
[White "Triantafilidis, Mihail"]
[Black "Bjelanovic, Mile"]
[Result "1-0"]
[ECO "A55"]
[WhiteElo "2200"]
[BlackElo "2041"]
[Annotator "RC"]
[PlyCount "79"]
[EventDate "2024.11.23"]
[EventCountry "SRB"]
[SourceTitle "playchess.com"]
[Source "ChessBase"]
[SourceQuality "1"]
[TimeControl "40/5400+30:900+30"]

1. d4 Nf6 2. c4 d6 3. Nc3 Nbd7 4. e4 e5 5. Nf3 Be7 6. Be2 O-O 7. O-O Re8 8. Be3 Bf8 9. d5 Nc5 10. Nd2 a5 11. b3 g6 12. a3 h6 13. h3 Nh7 14. b4 axb4 15. axb4 Rxa1 16. Qxa1 Nd7 17. Bd3 Ndf6 18. Qa5 Ng5 19. Nb5 b6 20. Qa7 Re7 21. Qb8 Qd7 22. Ra1 Nxh3+ 23. gxh3 Qxh3 24. Bf1 Qg4+ 25. Bg2 Bd7 26. Nxc7 Ne8 27. Nxe8 Rxe8 28. Qxb6 f5 29. f3 Qh5 30. exf5 gxf5 31. Ra7 f4 32. Rxd7 fxe3 33. Ne4 Qf5 34. Qxe3 Ra8 35. Ra7 Rxa7 36. Qxa7 Qf4 37. Qd7 Qe3+ 38. Kh2 Qf4+ 39. Kh3 h5 40. b5 1-0

[Event "37th Belgrade Trophy 2024"]
[Site "Belgrade"]
[Date "2024.11.28"]
[Round "6.10"]
[White "Khaleev, Timofey D"]
[Black "Xie, Jianjun"]
[Result "1/2-1/2"]
[ECO "B07"]
[WhiteElo "1743"]
[BlackElo "2361"]
[Annotator "TA"]
[PlyCount "132"]
[EventDate "2024.11.23"]
[EventCountry "SRB"]
[SourceTitle "playchess.com"]
[Source "ChessBase"]
[SourceQuality "1"]
[TimeControl "40/5400+30:900+30"]

1. e4 d6 2. d4 Nf6 3. Nc3 c6 4. f4 Qa5 5. e5 Ne4 6. Qf3 f5 7. exf6 Nxf6 8. Bd2 Qb6 9. Qg3 Na6 10. O-O-O Bf5 11. Bd3 Bxd3 12. Qxd3 Nb4 (12... g6 $14) 13. Qe2 (13. Qh3) 13... Nbd5 14. Nf3 Nxc3 15. Bxc3 (15. bxc3 O-O-O $16) 15... Qb5 16. Qxb5 cxb5 17. d5 Rc8 18. Rhe1 Rc5 19. Bxf6 gxf6 20. Nh4 {[%emt 0:01:16] Black is weak on the light squares} Rg8 21. g3 Kd8 (21... b4 $16 22. Re6 Kf7) 22. Nf5 (22. b4 $18 Rc4 23. Nf5) 22... e5 $1 $14 23. fxe5 fxe5 24. Re4 Rg5 25. Rf1 {[%emt 0:10:41][%cal Of5d4] Black should prevent Nd4!.} Ke8 (25... Rxd5 $2 26. Ne3 Bh6 27. Nxd5 $18) ({Black should play} 25... Be7 $11) 26. b4 Rc8 27. h4 Rg6 28. g4 Rc3 29. Kb2 Rh3 30. Re3 (30. a4 $16 bxa4 31. b5) 30... Rxe3 $11 31. Nxe3 {[%emt 0:00:13][%mdl 4096] Endgame KRB-KRN} Be7 $1 32. g5 h6 33. gxh6 Rxh6 34. Nf5 Rh7 {[%emt 0:00:01] [#]} 35. h5 ({Better is} 35. Kc3 $1 $14) 35... Kd7 (35... Bf8 $11) 36. Rh1 {[%emt 0:07:29] White is more active.} ({Only move:} 36. h6 $1 $16) 36... Rf7 $1 37. Ng3 Rf3 38. Ne2 Bf6 39. h6 Re3 {[%emt 0:01:25] [#]} (39... e4+ $11 40. Kc1 e3) 40. Rh2 $1 $16 e4+ 41. Kc1 Rf3 42. Kd2 Ke7 ({Not} 42... Bg5+ $2 43. Ke1 $18) 43. h7 Bh8 44. Rh4 Kf7 $1 {[%emt 0:00:10] [#]} 45. Rxe4 (45. Rh6 $1 $16 Rf5 46. Rxd6) 45... Rh3 $11 46. Re3 Rxh7 47. Kd3 Rh4 48. c3 Be5 49. Ng1 Rh5 50. Rh3 Rxh3+ 51. Nxh3 {[%emt 0:00:06] KB-KN} Kf6 52. Ng1 Kf5 53. Nf3 a6 54. Nd2 (54. Nh4+ $1 $11 Kg4 55. Ng6) 54... Bf4 (54... Bg3 $15) 55. Nf3 (55. Nb3 $11 {keeps the balance.}) 55... Be5 (55... Bh6 $17) 56. Nh4+ Kg4 57. Ng6 $1 {[%emt 0:00:55] and Nxe5+ should not be overlooked} Bf6 58. Nf8 Kf5 59. Nd7 Bd8 60. c4 bxc4+ 61. Kxc4 Ke4 62. a4 b5+ 63. axb5 axb5+ 64. Kxb5 {[%emt 0:00:06] Intending Kc6 and mate.} Kxd5 65. Nb8 Bh4 66. Na6 Be1 1/2-1/2